 Dungeon Crawl Stone Soup version 0.29.1-15-g9cfb28693d (console) character file.

Game seed: 12571645670567042586

602 om the Magician (level 7, -1/50 HPs)
             Began as a Djinni Fire Elementalist on Feb 23, 2023.
             Slain by an iguana (12 damage)
             ... on level 5 of the Dungeon.
             The game lasted 00:10:40 (5110 turns).

om the Magician (Djinni Fire Elementalist)          Turns: 5110, Time: 00:10:41

Health: -1/50      AC:  3    Str:  7    XL:     7   Next: 69%
Gold:   232        EV: 13    Int: 17    God:
                   SH:  0    Dex: 15

rFire   + + .      SeeInvis .   d - +0 dagger
rCold   x . .      Faith    .   (no shield)
rNeg    + . .      Spirit   .   a - +0 robe
rPois   ∞          Reflect  .   (no helmet)
rElec   .          Harm     .   (no cloak)
rCorr   .          Rampage  .   f - +0 pair of gloves
Will    .....                   (boots unavailable)
Stlth   ++........              (no amulet)
HPRegen 0.16/turn               j - ring of positive energy
MPRegen 0.00/turn               (no ring)

@: flying, very slightly contaminated
A: sickness immunity, fire resistance 2, cold vulnerability 1, float, innate
caster, HP casting, extra vitality 1
a: no special abilities


You were on level 5 of the Dungeon.
You visited 1 branch of the dungeon, and saw 5 of its levels.

You collected 232 gold pieces.

Inventory:

Hand Weapons
 d - a +0 dagger (weapon)
Armour
 a - a +0 robe (worn)
 f - a +0 pair of gloves (worn)
Jewellery
 j - a ring of positive energy (left hand)
 l - a +4 ring of evasion
Wands
 r - a wand of light (4)
 u - a wand of roots (3)
Scrolls
 c - a scroll of poison {unknown}
 e - 7 scrolls of teleportation
 g - a scroll of amnesia {unknown}
 h - a scroll of enchant armour {unknown}
 k - 2 scrolls of magic mapping
 o - a scroll of blinking {unknown}
 q - a scroll of vulnerability {unknown}
 s - a scroll of immolation {unknown}
 v - a scroll of fog {unknown}
Potions
 b - 4 potions of curing
 i - a potion of ambrosia {unknown}
 m - 6 potions of might
 n - a potion of brilliance
 p - a potion of attraction {unknown}
 t - a potion of resistance {unknown}
 w - a potion of haste {unknown}


   Skills:
 - Level 3.0 Fighting
 - Level 4.0 Dodging
 - Level 3.0 Stealth
 * Level 4.9 Spellcasting


You couldn't memorise any spells.
You knew the following spells:

 Your Spells              Type           Power      Damage    Failure   Level
a - Foxfire               Conj/Fire      84%        2x1d8     1%          1
b - Scorch                Fire           42%        2d7       2%          2
c - Conjure Flame         Conj/Fire      21%        6-21      5%          3
d - Inner Flame           Hex/Fire       21%        N/A       5%          3
e - Flame Wave            Conj/Fire      21%        2d8       19%         4
f - Beastly Appendage     Tmut           42%        N/A       1%          1
g - Static Discharge      Conj/Air       21%        3-6/arc   2%          2
h - Teleport Other        Tloc           21%        N/A       5%          3
Your spell library was empty.

Dungeon Overview and Level Annotations

Branches:
Dungeon (5/15)
 Temple: D:4-7

Altars:

Shops:
D:3 [[

Annotations:
D:3 2 transporters, kamileon1's ghost, weakling FeDe


Innate Abilities, Weirdness & Mutations

You are immune to sickness and miasma.
You are immune to poison.
Your flesh is very heat resistant. (rF++)
You are vulnerable to cold. (rC-)
You float through the air rather than walking.
You learn spells naturally, not from books.
Your magical power is your life essence.
You have superior vitality. (+4 MHP)


Message History

It was a scroll of magic mapping.
An adder and an iguana come into view.
Casting: Foxfire (safe; 1% risk of failure)
Confirm with . or Enter, or press ? or * to list all spells.
Flames lash the adder.
The adder is severely wounded.
The adder's fire resistance burns away.
Casting: Scorch (safe; 3% risk of failure)
Confirm with . or Enter, or press ? or * to list all spells.
Flames lash the adder.
The adder is burned terribly!
You kill the adder!
The iguana hisses angrily.
Casting: Scorch (safe; 2% risk of failure)
Confirm with . or Enter, or press ? or * to list all spells.
Okay, then.
Casting: Scorch (safe; 2% risk of failure)
Confirm with . or Enter, or press ? or * to list all spells.
Flames lash the iguana but do no damage.
You closely miss the iguana. The iguana bites you.
You conjure some foxfire!
The iguana bites you! The iguana attacks as you move away!
The iguana bites you!
The foxfire hits the iguana but does no damage.
The foxfire hits the iguana.
The iguana is lightly wounded.
You are too injured to fight recklessly!
Casting: Foxfire (safe; 1% risk of failure)
Confirm with . or Enter, or press ? or * to list all spells.
Flames lash the iguana.
The iguana is moderately wounded.
The iguana's fire resistance burns away.
The iguana bites you.
* * * LOW HITPOINT WARNING * * *
Casting: Scorch (safe; 2% risk of failure)
Confirm with . or Enter, or press ? or * to list all spells.
You miscast Scorch.
You are very lightly contaminated with residual magic.
Nothing appears to happen.
* * * LOW HITPOINT WARNING * * *
The iguana bites you!
You die...

,* *,,....* ##.....## *** *,* ,*
**##...* ##.......## **,***,*
,****#....###.........#***,,,**,*
,,,,,.......+.........+,,,,,,,,,,
,,,,,,,.....#.........#***,,,**,*
,**,**,,#...#*†..<...#* **,*****
,**,*#,*#...###..)..#* *,*
***,*#.##.......l..#* *,*
*,*#......####@.## *,*
*,*#.##...# #..# *,*
*,**,*#...####..# *,*
*,**,*#.........## *,*
*,.........###...## *,*
**#...#.##.##.....######*,*
#.....................,,*
#...#########.########*** ####*
#.#


You could see an iguana (combustible).

Vanquished Creatures
  A phantom (D:4)
  4 scorpions
  A hound (D:4)
  Jessica (D:2)
  Natasha (twice) (D:3)
  6 gnolls
  3 adders
  A worm (D:2)
  2 dart slugs
  An orc (D:4)
  10 ball pythons
  8 endoplasms
  10 giant cockroaches
  7 goblins
  6 hobgoblins
  4 jackals (D:4)
  3 quokkas
  9 bats
  3 frilled lizards
  4 kobolds
  8 rats
94 creatures vanquished.

Vanquished Creatures (others)
  200 foxfires
200 creatures vanquished.

Grand Total: 294 creatures vanquished

Notes
Turn   | Place    | Note
-------+----------+-------------------------------------------
     0 | D:1      | om the Djinni Fire Elementalist began the quest for the
                  | Orb.
     0 | D:1      | om set off with the following spells memorised: Foxfire,
                  | Scorch, Conjure Flame, Inner Flame, Flame Wave.
     0 | D:1      | Reached XP level 1. HP: 15/15 MP: 0/0
   199 | D:1      | Reached XP level 2. HP: 21/22 MP: 0/0
   777 | D:1      | Reached XP level 3. HP: 24/26 MP: 0/0
   777 | D:1      | Learned a level 1 spell: Beastly Appendage
   877 | D:1      | Found a faded altar of an unknown god.
  1030 | D:1      | Reached skill level 1 in Fighting
  1678 | D:2      | Identified the +1 robe of Existentialism {Will- Str+4
                  | Slay+2}
  2017 | D:2      | Reached XP level 4. HP: 30/32 MP: 0/0
  2259 | D:2      | Noticed Jessica
  2270 | D:2      | Killed Jessica
  3141 | D:3      | Reached XP level 5. HP: 30/37 MP: 0/0
  3141 | D:3      | Learned a level 2 spell: Static Discharge
  3250 | D:3      | Found Yhoin's Antique Armour Shop.
  3253 | D:3      | Noticed Natasha
  3255 | D:3      | Noticed kamileon1's ghost (weakling FeDe)
  3257 | D:3      | Noticed an ogre
  3260 | D:3      | Noticed an ogre
  3265 | D:3      | Killed Natasha
  3291 | D:3      | Found a transporter.
  3295 | D:3      | Found a transporter.
  3543 | D:3      | Noticed Natasha
  3549 | D:3      | Killed Natasha
  3603 | D:3      | Found Gasips's Armour Shop.
  3707 | D:3      | Reached XP level 6. HP: 18/43 MP: 0/0
  4177 | D:4      | Reached XP level 7. HP: 45/49 MP: 0/0
  4177 | D:4      | Learned a level 3 spell: Teleport Other
  4996 | D:5      | Entered Level 5 of the Dungeon
  5110 | D:5      | Slain by an iguana

Illustrated notes

Levels and vault maps discovered:
D:1:      tarquinn_simple_flora_water_f, layout_rooms,
          ebering_ecumenical_altar_box, minivault_5, hangedman_glass_teeth,
          minmay_worlds_worst_comb
D:2:      layout_loops_ring, minmay_box_of_dots, uniq_jessica
D:3:      layout_basic, gammafunk_ghost_smash, serial_shops, shop, shop,
          uniq_natasha
D:4:      layout_rooms, hangedman_decor_diamond_cutter
D:5:      layout_loops_corners, serial_shops, shop,
          minmay_a_box_with_orc_wizards_in_it

Skill      XL: |  1  2  3  4  5  6  7 |
---------------+----------------------+-----
Fighting       | 1 2 3 |  3.0
Stealth        | 2 3 |  3.0
Spellcasting   | 3 4 |  4.9
Dodging        | 3 4 |  4.0

Action                   |  1- 3 |  4- 6 |  7- 9 || total
-------------------------+-------+-------+-------++-------
Melee: Dagger            |    24 |    55 |     6 ||    85
       Punch             |     1 |       |       ||     1
 Cast: Foxfire           |    49 |    38 |    28 ||   115
       Scorch            |     5 |    26 |     9 ||    40
       Conjure Flame     |     1 |     1 |     2 ||     4
  Use: Scroll            |     4 |       |     2 ||     6
       Potion            |       |     1 |     1 ||     2
 Stab: Sleeping          |     4 |     3 |     1 ||     8
Armor: Robe              |    10 |    26 |     4 ||    40
Dodge: Dodged            |    35 |    78 |     9 ||   122
